 Dungeon Crawl Stone Soup version 0.21.1-1-g345015f (webtiles) character file.

634 prawnwizard the Firebug (level 7, -4/36 HPs)
             Began as a Deep Elf Fire Elementalist on July 2, 2018.
             Slain by a wyvern zombie (12 damage)
             ... on level 6 of the Dungeon.
             The game lasted 00:14:51 (3569 turns).

prawnwizard the Firebug (DEFE)                      Turns: 3569, Time: 00:14:52

Health: -4/36      AC:  3    Str:  5    XL:     7   Next: 24%
Magic:  3/17       EV: 15    Int: 22    God:
Gold:   193        SH:  0    Dex: 15    Spells: 6/16 levels left

rFire    . . .     SeeInvis .   y - +0 dagger
rCold    . . .     Gourm    .   (no shield)
rNeg     . . .     Faith    .   a - +0 robe
rPois    .         Spirit   .   (no helmet)
rElec    .         Reflect  .   (no cloak)
rCorr    +         Harm     .   g - +0 pair of gloves
MR       .....                  (no boots)
Stlth    ++........             (no amulet)
HPRegen  0.12/turn              q - ring of resist corrosion
MPRegen  0.15/turn              (no ring)

@: no status effects
A: no striking features
a: no special abilities


You were on level 6 of the Dungeon.
You were very hungry.

You visited 1 branch of the dungeon, and saw 5 of its levels.

You collected 193 gold pieces.

Inventory:

Hand Weapons
 y - a +0 dagger (weapon)
Armour
 a - a +0 robe (worn)
 g - a +0 pair of gloves (worn)
Jewellery
 q - a ring of resist corrosion (left hand)
Wands
 s - a wand of iceblast (15)
Scrolls
 e - a scroll of fog {unknown}
 h - a scroll of fear {unknown}
 i - 3 scrolls of remove curse
 m - 3 scrolls of teleportation
 n - 2 scrolls of identify {unknown}
 p - 3 scrolls of amnesia {unknown}
 r - a scroll of blinking {unknown}
 t - 2 scrolls of magic mapping {unknown}
 u - 2 scrolls of enchant armour {unknown}
Potions
 d - 3 potions of curing {unknown}
 f - a potion of experience {unknown}
 j - a potion of heal wounds {unknown}
 k - a potion of flight {unknown}
 l - a potion of brilliance {unknown}
 o - a potion of haste {unknown}
 v - a potion of might {unknown}
 w - a potion of mutation {unknown}
 x - a potion of berserk rage {unknown}
 z - a potion of resistance {unknown}
 A - a potion of degeneration {unknown}
Books
 b - a book of Flames

   Spells                             Type                      Level
   a - Flame Tongue                   Conjuration/Fire             1
   b - Throw Flame                    Conjuration/Fire             2
   c - Conjure Flame                  Conjuration/Fire             3
   d - Inner Flame                    Hexes/Fire                   3
   e - Sticky Flame                   Conjuration/Fire             4
   f - Fireball                       Conjuration/Fire             5
Comestibles
 c - 5 rations


   Skills:
 + Level 4.7 Dodging
 - Level 2.4 Stealth
 + Level 5.4 Spellcasting
 + Level 3.8 Conjurations
 * Level 6.4 Fire Magic


You had 6 spell levels left.
You knew the following spells:

 Your Spells              Type           Power        Failure   Level  Hunger
a - Flame Tongue          Conj/Fire      ####.        1%          1    None
b - Throw Flame           Conj/Fire      ####..       1%          2    None
c - Conjure Flame         Conj/Fire      ####....     3%          3    ##.....
d - Sticky Flame          Conj/Fire      ####....     12%         4    ####...


Dungeon Overview and Level Annotations

Branches:
Dungeon (7/15)
 Temple: D:4-7

Altars:


Message History

The wyvern zombie is moderately damaged.
The wyvern zombie is covered in liquid flames!
You are feeling very hungry.
The wyvern zombie burns!
The wyvern zombie closely misses you. The bullfrog closely misses you.
Casting: Sticky Flame
Confirm with . or Enter, or press ? or * to list all spells.
Aiming: Sticky Flame
Press: ? - help, Shift-Dir - straight line, f - bullfrog, p - wyvern zombie
Aim: a bullfrog The sticky flame hits the bullfrog.
The bullfrog is moderately wounded.
The bullfrog is covered in liquid flames!
The bullfrog burns!
The wyvern zombie burns!
The wyvern zombie bites you. The bullfrog hits you.
The wyvern zombie closely misses you. The bullfrog hits you.
* * * LOW HITPOINT WARNING * * *
The bullfrog burns!
The wyvern zombie burns!
The bullfrog barely misses you. The wyvern zombie bites you!
You die...

###..## .... .....).....
##..###...................§...
#....##.............(....###..
##........................ #..
###.........................
#..
...........................#
#>. ..........................
####..
....÷............F......
..#.....
......>.........@Z...# ......#
.................##### #...###
.................## #..#
..................# #..#
............#.....# ##.##
...........###....# #..#
..o.o......# #....# #..#
..#######..####...## ##.## .##
#...###....# #..##


You could see a bullfrog (burning) and a wyvern zombie (burning).

Vanquished Creatures
  An orc warrior (D:6)
  2 bullfrogs
  A jelly (D:6)
  3 orc wizards
  A bullfrog skeleton (D:6)
  An iguana (D:6)
  A hound skeleton (D:6)
  A worker ant zombie (D:6)
  5 gnolls
  9 adders
  An ooze (D:1)
  A worm (D:3)
  2 dart slugs
  4 leopard geckos
  9 orcs
  4 giant cockroaches
  12 goblins
  3 hobgoblins
  6 jackals
  2 quokkas
  3 ball pythons
  2 bats (D:1)
  7 frilled lizards
  5 kobolds
  A quokka skeleton (D:6)
  A rat (D:1)
88 creatures vanquished.

Notes
Turn   | Place    | Note
-------+----------+-------------------------------------------
     0 | D:1      | prawnwizard the Deep Elf Fire Elementalist began the quest for the Orb.
     0 | D:1      | Reached XP level 1. HP: 10/10 MP: 6/6
    16 | D:1      | Reached XP level 2. HP: 15/15 MP: 4/8
    70 | D:1      | Learned a level 2 spell: Throw Flame
   402 | D:1      | Reached XP level 3. HP: 19/19 MP: 7/9
   425 | D:1      | Learned a level 3 spell: Conjure Flame
   497 | D:1      | Reached skill level 4 in Fire Magic
  1029 | D:1      | Reached XP level 4. HP: 17/24 MP: 1/11
  1913 | D:3      | Reached XP level 5. HP: 28/28 MP: 11/13
  1982 | D:3      | Reached skill level 5 in Fire Magic
  2210 | D:3      | Learned a level 4 spell: Sticky Flame
  2325 | D:3      | Reached XP level 6. HP: 28/32 MP: 6/14
  2520 | D:3      | You fall through a shaft for 3 floors!
  2591 | D:6      | Noticed an orc warrior
  2990 | D:7      | Noticed an orc warrior
  3109 | D:6      | Reached skill level 5 in Spellcasting
  3115 | D:6      | Reached skill level 6 in Fire Magic
  3294 | D:6      | Reached XP level 7. HP: 24/36 MP: 7/16
  3569 | D:6      | Slain by a wyvern zombie

Skill      XL: |  1  2  3  4  5  6 |
---------------+-------------------+-----
Fire Magic     | 4 5 6 |  6.4
Dodging        | 3 4 |  4.7
Conjurations   | 2 3 |  3.8
Spellcasting   | 4 5 |  5.4
Stealth        | |  2.4

Action                   |  1- 3 |  4- 6 |  7- 9 || total
-------------------------+-------+-------+-------++-------
Melee: Unarmed           |     6 |     4 |       ||    10
       Dagger            |       |       |     3 ||     3
 Cast: Flame Tongue      |    52 |   106 |    25 ||   183
       Throw Flame       |     4 |       |       ||     4
       Conjure Flame     |     2 |     1 |     2 ||     5
       Sticky Flame      |       |    11 |     4 ||    15
  Use: Scroll            |       |     2 |       ||     2
  Eat: Chunk             |       |     6 |       ||     6
       Ration            |       |     1 |       ||     1
Armor: Robe              |     8 |    15 |       ||    23
Dodge: Dodged            |    19 |    44 |     8 ||    71
